 Dungeon Crawl Stone Soup version 0.21.1-1-g345015fe64 (webtiles) character file.

1523 Kejsarherre the Covered (level 8, -3/50 HPs)
             Began as a Gargoyle Wanderer on May 3, 2018.
             Was an Initiate of Uskayaw.
             Killed by divine providence
             ... invoked by an orc priest
              (17 damage)
             ... on level 7 of the Dungeon on May 4, 2018.
             The game lasted 00:15:01 (8642 turns).

Kejsarherre the Covered (Gargoyle Wanderer)         Turns: 8642, Time: 00:15:02

Health: -3/50      AC: 14    Str: 13      XL:     8   Next: 84%
Magic:  4/7        EV:  9    Int: 18 (19) God:    Uskayaw [......]
Gold:   401        SH:  5    Dex: 10      Spells: 7/7 levels left

rFire    + . .     SeeInvis .   l - +1 whip (venom)
rCold    + . .     Gourm    .   c - +0 buckler
rNeg     + + .     Faith    .   p - +0 scale mail {rN+}
rPois    ∞         Spirit   .   g - +0 helmet
rElec    +         Reflect  .   (no cloak)
rCorr    +         Harm     .   (no gloves)
MR       +....                  (no boots)
Stlth    ..........             (no amulet)
HPRegen  0.16/turn              (no ring)
MPRegen  0.10/turn              (no ring)

@: resistant
A: clever 1, low mp 1, magic resistance 1, negative energy resistance 1,
electricity resistance, unbreathing, petrification resistance, rot immunity, AC
+5
a: Renounce Religion


You were on level 7 of the Dungeon.
You worshipped Uskayaw.
Uskayaw was noncommittal.
You were not hungry.

You visited 2 branches of the dungeon, and saw 8 of its levels.
You also visited: Sewer.

You collected 401 gold pieces.

Inventory:

Hand Weapons
 e - a +0 club
 l - a +1 whip of venom (weapon)
 s - a +0 blowgun
Missiles
 j - 6 needles of sleeping
 t - 33 poisoned needles
Armour
 c - a +0 buckler (worn)
 g - a +0 helmet (worn)
 p - a +0 scale mail of positive energy (worn)
Scrolls
 d - 2 scrolls of identify
 k - 2 scrolls of magic mapping {unknown}
 n - a scroll of random uselessness {unknown}
 o - a scroll of teleportation
 q - 2 scrolls of fear
 u - a scroll of fog
Potions
 h - a potion of mutation
 i - 5 potions of curing
 r - 2 potions of brilliance
Books
 a - a book of Frost

   Spells                             Type                      Level
   a - Freeze                         Ice                          1
   b - Throw Frost                    Conjuration/Ice              2
   c - Ozocubu's Armour               Charms/Ice                   3
   d - Throw Icicle                   Conjuration/Ice              4
   e - Summon Ice Beast               Ice/Summoning                4
 b - the Catalogue of Necromancy

   Spells                             Type                      Level
   a - Pain                           Necromancy                   1
   b - Regeneration                   Charms/Necromancy            3
Comestibles
 f - 4 rations


   Skills:
 + Level 5.6 Fighting
 + Level 5.1 Maces & Flails
 - Level 7.1 Armour
 - Level 1.1 Stealth
 - Level 5.1 Shields
   Level 2.0 Ice Magic
   Level 2.4 Air Magic


You had 7 spell levels left.
You didn't know any spells.

Dungeon Overview and Level Annotations

Branches:
Dungeon (7/15)             Temple (1/1) D:6

Altars:
Ashenzari
Cheibriados
Dithmenos
Elyvilon
Fedhas
Gozag
Hepliaklqana
Kikubaaqudgha
Okawaru
Qazlal
Ru
Sif Muna
Trog
Uskayaw
Wu Jian
Xom
Yredelemnul
The Shining One

Shops:
D:5 }   D:6 *


Innate Abilities, Weirdness & Mutations

You are resistant to torment.
Your stone body is resilient. (AC +5)
You are immune to poison.
You resist negative energy. (rN+)
You are resistant to electric shocks. (rElec)
You can survive without breathing.
You are immune to petrification.
You are immune to rotting.
Your mind is acute. (Int +2)
Your magical capacity is low. (-10% MP)
You are resistant to hostile enchantments. (MR+)


Message History

You can no longer stomp with the beat.
The orc barely misses you.
The orc priest calls down the wrath of Beogh upon you.
Beogh smites you!
* * * LOW HITPOINT WARNING * * *
Unknown command.
Unknown command.
You hit the orc.
You kill the orc!
The orc wizard barely misses you.
You barely miss the orc wizard. The orc wizard closely misses you.
Your scale mail prevents you from hitting the orc wizard.
The orc wizard closely misses you.
It was a potion of resistance.
You feel protected.
The orc wizard hits you but does no damage. x2
You hit the orc wizard but do no damage.
The orc priest invokes the aid of Beogh against you.
Beogh smites you!
You die...

..###.#.#.#
..........#
.#####..#
.......>#
##########o#
#........#o#
#.######.#o#
#..#####.#o#
#........#@#
#........#.#
#....###.#.#
#.(#.# #.#.#
#..#.# #.#.#
#..#.# #.#.#
#..#<# #.#.#
#..#####.#.#
#......#.#.#


You could see an orc priest, an orc wizard and 2 orcs.

Vanquished Creatures
  A water moccasin (D:5)
  A phantom (D:5)
  A necrophage (D:7)
  2 ogres (D:5)
  3 ice beasts
  A bullfrog (D:7)
  2 scorpions (D:4)
  2 howler monkeys
  A crimson imp (D:5)
  A jelly (D:5)
  A centaur zombie (D:5)
  2 iguanas (D:4)
  5 orc wizards
  2 worker ants
  A hound zombie (D:5)
  6 adders
  A shadow imp (D:4)
  An ooze (D:2)
  2 adder skeletons
  3 worms
  2 dart slugs
  A leopard gecko (D:2)
  22 orcs
  A ball python (Sewer)
  5 bats
  3 giant cockroaches
  6 goblins
  8 hobgoblins
  18 jackals
  6 quokkas
  7 frilled lizards
  12 kobolds
  A quokka skeleton (D:4)
  8 rats
  A plant (Sewer)
140 creatures vanquished.

Notes
Turn   | Place    | Note
-------+----------+-------------------------------------------
     0 | D:1      | Kejsarherre the Gargoyle Wanderer began the quest for the Orb.
     0 | D:1      | Kejsarherre set off with: a book of Frost, the Catalogue of Necromancy, a +0 buckler, a +0 robe, a +0 club, a ration
     0 | D:1      | Reached XP level 1. HP: 12/12 MP: 1/1
   320 | D:1      | Reached XP level 2. HP: 14/17 MP: 2/2
   388 | D:1      | Reached skill level 1 in Armour
   723 | D:1      | Reached skill level 2 in Armour
   727 | D:1      | Reached XP level 3. HP: 14/21 MP: 3/3
  1282 | D:3      | Reached skill level 3 in Armour
  1325 | D:3      | Found an ancient bone altar of Kikubaaqudgha.
  1427 | D:3      | Reached XP level 4. HP: 25/26 MP: 4/4
  2034 | D:4      | Reached skill level 4 in Armour
  2086 | D:4      | Reached XP level 5. HP: 13/30 MP: 5/5
  2131 | D:4      | Reached skill level 5 in Armour
  2147 | D:4      | Identified the Catalogue of Necromancy
  2318 | D:4      | Reached XP level 6. HP: 23/36 MP: 6/6
  2566 | D:4      | Found a glowing drain.
  2599 | Sewer    | Entered a sewer
  3335 | D:4      | Found an opulent altar of Gozag.
  3577 | D:4      | Reached XP level 7. HP: 33/41 MP: 7/7
  3906 | D:5      | Entered Level 5 of the Dungeon
  3933 | D:5      | Reached skill level 6 in Armour
  4870 | D:5      | Found Ethe's Gadget Boutique.
  5742 | D:5      | Reached XP level 8. HP: 25/48 MP: 8/8
  5817 | D:5      | Gained mutation: You are resistant to hostile enchantments. (MR+) [potion of mutation]
  5817 | D:5      | Gained mutation: Your magical capacity is low. (-10% MP) [potion of mutation]
  5817 | D:5      | Gained mutation: Your mind is acute. (Int +2) [potion of mutation]
  6611 | D:5      | Reached skill level 5 in Fighting
  6910 | D:6      | Reached skill level 7 in Armour
  7221 | D:6      | Found a staircase to the Ecumenical Temple.
  7385 | D:6      | Found Xisuq's Assorted Antiques.
  7459 | Temple   | Entered the Ecumenical Temple
  8497 | Temple   | Became a worshipper of Uskayaw the Reveler
  8552 | D:7      | Reached skill level 5 in Shields
  8552 | D:7      | Reached * piety under Uskayaw
  8590 | D:7      | Reached ** piety under Uskayaw
  8599 | D:7      | Reached skill level 5 in Maces & Flails
  8642 | D:7      | Killed from afar by an orc priest

Skill      XL: |  1  2  3  4  5  6  7  8 |
---------------+-------------------------+-----
Fighting       | 2 3 4 5 |  5.6
Armour         | 2 3 4 5 6 7 |  7.1
Shields        | 2 3 5 |  5.1
Maces & Flails | 3 5 |  5.1
Stealth        | |  1.1
Ice Magic      | |  2.0
Air Magic      | |  2.4

Action                   |  1- 3 |  4- 6 |  7- 9 || total
-------------------------+-------+-------+-------++-------
Melee: Club              |   134 |       |       ||   134
       Whip              |    67 |   302 |   623 ||   992
Invok: Stomp             |       |       |     1 ||     1
  Use: Scroll            |     2 |       |     7 ||     9
       Potion            |       |       |     9 ||     9
  Eat: Ration            |     1 |       |     4 ||     5
       Chunk             |       |     6 |     5 ||    11
Armor: Robe              |    11 |       |       ||    11
       Plate armour      |   151 |       |       ||   151
       Scale mail        |    47 |   124 |   275 ||   446
       Skin              |       |       |    32 ||    32
Dodge: Dodged            |    62 |    88 |   153 ||   303
Block: Buckler           |    42 |    37 |    84 ||   163
